 Dungeon Crawl Stone Soup version 0.31-a0-845-g9abc20d24f (webtiles) character file.

Game seed: 468457617009771217

2180 Kurtz the Cleaver (level 9, 0/59 HPs)
             Began as an Octopode Fighter on Oct 1, 2023.
             Was an Initiate of Gozag.
             Killed by nerve-wracking pain
             ... invoked by a shadow imp
              (11 damage)
             ... on level 7 of the Dungeon.
             The game lasted 00:05:10 (6125 turns).

Kurtz the Cleaver (Octopode Fighter)                Turns: 6125, Time: 00:05:11

Health: 0/59       AC:  1    Str: 17    XL:     9   Next: 33%
Magic:  9/9        EV: 14    Int: 10    God:    Gozag
Gold:   206        SH: 16    Dex: 20    Spells: 8/8 levels left

rFire   . . .        C - +2 flail (venom)
rCold   + . .        D - +0 kite shield
rNeg    . . .        (helmet restricted)
rPois   .            x - amulet of reflection
rElec   .            y - ring of protection from cold
rCorr   .            p - +6 ring of dexterity
SInv    .            (no ring)
Will    .....        (no ring)
Stlth   +++          (no ring)
HPRegen 0.29/turn    (no ring)
MPRegen 0.11/turn    (no ring)
                     (no ring)

%: reflection
@: no status effects
A: almost no armour, amphibious, 8 rings, camouflage 1, gelatinous body 1,
(nimble swimmer 1), tentacles
a: Renounce Religion, Potion Petition, Call Merchant, Bribe Branch


You were on level 7 of the Dungeon.
You worshipped Gozag.
Gozag was aware of your devotion.
You visited 2 branches of the dungeon, and saw 8 of its levels.

You collected 332 gold pieces.
You paid 126 gold pieces to Gozag.

Inventory:

Hand Weapons
 a - a +0 war axe
 f - a +0 mace of protection
 s - a +0 flail of holy wrath
 C - a +2 flail of venom (weapon)
Missiles
 o - 5 poisoned darts
Armour
 b - a +0 buckler
 D - a +0 kite shield (worn)
Jewellery
 l - an amulet of guardian spirit
 p - a +6 ring of dexterity (right tentacle)
 x - an amulet of reflection (around mantle)
 y - a ring of protection from cold (left tentacle)
Wands
 u - a wand of iceblast (2) (quivered)
 G - a wand of charming (8)
Scrolls
 d - 2 scrolls of fear {unknown}
 e - 2 scrolls of teleportation {unknown}
 g - a scroll of silence {unknown}
 h - 5 scrolls of identify {unknown}
 t - a scroll of amnesia {unknown}
 w - a scroll of revelation {unknown}
 z - a scroll of enchant weapon {unknown}
 A - a scroll of vulnerability {unknown}
 B - a scroll of immolation {unknown}
 F - a scroll of blinking {unknown}
Potions
 c - 2 potions of might
 i - 3 potions of curing {unknown}
 j - 2 potions of invisibility {unknown}
 k - a potion of brilliance {unknown}
 m - 2 potions of attraction {unknown}
 n - 3 potions of lignification {unknown}
 q - a potion of enlightenment {unknown}
 r - a potion of haste {unknown}
 v - a potion of cancellation {unknown}
 E - a potion of degeneration {unknown}


   Skills:
 * Level 4.7 Fighting
 - Level 10.3 Axes
 * Level 4.6 Dodging
 * Level 5.0 Shields


You had 8 spell levels left.
You didn't know any spells.
Your spell library contained the following spells:

 Spells                   Type           Power      Damage    Failure   Level
 Magic Dart               Conj           0%         1d3       69%         1
 Sandblast                Erth           0%         2d4       69%         1
 Blink                    Tloc           0%         N/A       83%         2
 Lesser Beckoning         Tloc           0%         N/A       83%         2
 Momentum Strike          Conj/Tloc      0%         3d8       83%         2
 Passwall                 Tmut/Erth      0%         N/A       83%         2
 Searing Ray              Conj           0%         2d4       83%         2
 Stone Arrow              Conj/Erth      0%         3d7       96%         3
 Brom's Barrelling Bould  Conj/Erth      0%         2d3       100%        4
 Fulminant Prism          Conj/Hex       0%         3d5       100%        4
 Summon Ice Beast         Ice/Summ       0%         N/A       100%        4
 Summon Mana Viper        Hex/Summ       0%         N/A       100%        5
 Monstrous Menagerie      Summ           0%         N/A       100%        7


Dungeon Overview and Level Annotations

Branches:
Dungeon (7/15)             Temple (1/1) D:7

Altars:
Ashenzari
Cheibriados
Dithmenos
Elyvilon
Fedhas
Gozag
Makhleb
Nemelex Xobeh
Ru
Trog
Uskayaw
Wu Jian
Xom
Yredelemnul
Zin
The Shining One

Shops:
D:6 *:


Innate Abilities, Weirdness & Mutations

You cannot wear most types of armour.
You are amphibious.
You can wear up to eight rings at the same time.
Your skin changes colour to match your surroundings (Stealth+).
Your rubbery body absorbs attacks. (AC +1, EV +1)
((You are camouflaged when in or above water. (Stealth+)))
You have tentacles for arms and can constrict up to eight enemies at once.


Message History

The sky beast flickers out of sight!
Deactivating autopickup; reactivate with Ctrl-A.
No target in view!
Unknown command.
No target in view!
Unknown command.
No target in view!
You closely miss something. Your squeeze misses something. Something hits you.
Something shocks you.
A shadow imp comes into view.
Something hits you. Something shocks you.
You barely miss something. Something barely misses you.
You barely miss something. Something hits you. Something shocks you.
You barely miss something. Something hits you. Something shocks you.
You miss something.
The shadow imp shouts!
Your squeeze misses something. Something hits you. Something shocks you.
A sky beast appears from thin air!
Reactivating autopickup.
The sky beast barely misses you.
You hit the sky beast.
The sky beast is poisoned.
The sky beast is moderately wounded.
You block the sky beast's attack.
You closely miss the sky beast. Your squeeze misses the sky beast.
The sky beast is heavily wounded.
You block the sky beast's attack. The shadow imp hits you.
You closely miss the sky beast.
The sky beast is heavily wounded.
The sky beast hits you.
* * * LOW HITPOINT WARNING * * *
The sky beast shocks you.
* * * LOW HITPOINT WARNING * * *
The shadow imp closely misses you.
Okay, then.
You barely miss the shadow imp. You grab the shadow imp.
You constrict the shadow imp. You block the sky beast's attack.
The shadow imp gestures at you. Pain shoots through your body!
You die...
Your body crumbles into a pile of gold.

#.....<.....##..# ##.# #
#...<.......##..## #.##.#
##.###.#.##.......##..#.#
# ..#.##.....#.......#
........#...#...#.###
#..........###....#######
........!...............#
.$.....#.....#..$.....#
....# #@.>..###......#
... #Y5...# ......# .
..................#
......###..........#
....... ...........#
....... ........%.!#
...$#.. ...#.###
.....#... ###.#


You could see a sky beast (poisoned) and a shadow imp.

Vanquished Creatures
  Grinder (D:6)
  Edmund (D:6)
  A water moccasin (D:6)
  2 black bears
  A sky beast (D:6)
  An ice beast (D:6)
  An ogre (D:6)
  A centaur (D:5)
  2 phantoms
  A bullfrog (D:6)
  3 scorpions
  A howler monkey (D:5)
  A vampire bat (D:4)
  A jelly (D:6)
  6 hounds
  2 orc priests
  A sleepcap (D:4)
  Ijyb (D:4)
  2 iguanas
  5 orc wizards
  5 adders
  3 ufetubi
  An adder skeleton (D:2)
  4 worms
  2 dart slugs
  3 fire bats (D:4)
  19 orcs
  2 spectral bats (D:4)
  2 ball pythons (D:2)
  5 bat skeletons
  A bat zombie (D:4)
  3 endoplasms
  4 giant cockroaches
  4 goblins
  5 hobgoblins
  3 quokkas
  2 ball python zombies (D:2)
  15 bats
  A bat simulacrum (D:4)
  4 frilled lizards
  2 giant cockroach zombies (D:2)
  6 kobolds
  4 rats
135 creatures vanquished.

Notes
Turn   | Place    | Note
-------+----------+-------------------------------------------
     0 | D:1      | Kurtz the Octopode Fighter began the quest for the Orb.
     0 | D:1      | Reached XP level 1. HP: 16/16 MP: 1/1
    67 | D:1      | Found a faded altar of an unknown god.
   360 | D:1      | Reached XP level 2. HP: 16/21 MP: 2/2
   797 | D:2      | Found an ornate altar of the Wu Jian Council.
   804 | D:2      | Reached skill level 3 in Axes
   924 | D:2      | Reached XP level 3. HP: 23/26 MP: 3/3
  1272 | D:2      | Reached skill level 4 in Axes
  1357 | D:2      | Reached XP level 4. HP: 21/31 MP: 4/4
  2183 | D:3      | Found a basalt altar of Yredelemnul.
  2222 | D:3      | Reached skill level 5 in Axes
  2222 | D:3      | Reached XP level 5. HP: 36/36 MP: 5/5
  2399 | D:4      | Found a broken altar of Ashenzari.
  2400 | D:4      | Noticed a phantom
  2429 | D:4      | Killed a phantom
  2430 | D:4      | Reached skill level 6 in Axes
  2430 | D:4      | Reached XP level 6. HP: 21/42 MP: 3/6
  2511 | D:4      | Found a bloodstained altar of Trog.
  2604 | D:4      | Noticed a black bear
  2611 | D:4      | Killed a black bear
  2760 | D:4      | Reached skill level 7 in Axes
  2970 | D:4      | Reached XP level 7. HP: 45/46 MP: 7/7
  3039 | D:4      | Noticed Ijyb
  3048 | D:4      | Killed Ijyb
  3331 | D:4      | Reached skill level 8 in Axes
  3463 | D:5      | Entered Level 5 of the Dungeon
  3872 | D:5      | Reached skill level 9 in Axes
  3872 | D:5      | Reached XP level 8. HP: 52/52 MP: 8/8
  4210 | D:5      | Identified the +3 sling of the Sky {drain, rF+ SInv}
  4446 | D:6      | Reached skill level 10 in Axes
  4494 | D:6      | Noticed Edmund
  4503 | D:6      | Killed Edmund
  4635 | D:6      | Noticed Grinder
  4640 | D:6      | Paralysed by Grinder for 2 turns
  4643 | D:6      | Killed Grinder
  4644 | D:6      | Reached XP level 9. HP: 20/58 MP: 9/9
  5132 | D:6      | Found Ylenusk's Gadget Gallery.
  5685 | D:6      | Found Tufujok's Book Boutique.
  5974 | D:7      | Reached skill level 5 in Shields
  6049 | D:7      | Found a staircase to the Ecumenical Temple.
  6061 | Temple   | Entered the Ecumenical Temple
  6094 | Temple   | Became a worshipper of Gozag Ym Sagoz the Greedy
  6125 | D:7      | Killed from afar by a shadow imp

Illustrated notes

Levels and vault maps discovered:
D:1:      roderic_chinese_lattice_arrival, layout_loops_ring,
          ebering_ecumenical_altar_rust, kennysheep_decorative_pillar,
          dreamdust_mushroom_princess, nicolae_houndstooth_variations
D:2:      layout_basic, basic_altar, serial_undead, serial_undead_a,
          serial_undead_a, serial_undead_e, serial_undead_c
D:3:      layout_loops_cross, overflow_temple_1_default
D:4:      layout_basic, jmf_multi_god_temple, grunt_ministairs_4,
          goddamned_bats, uniq_ijyb
D:5:      layout_rooms, kennysheep_cross_room
D:6:      layout_gridville, serial_shops, kennysheep_mini_moat,
          minmay_misc_feat_rows, nicolae_shop_gadgets, uniq_grinder, uniq_edmund
D:7:      layout_rooms, lemuel_tele_altar, minmay_temple_entry_tees,
          serial_aquarium, aquarium_bridge_long_joined
          [aquarium_subvault_bridge, aquarium_subvault_window,
          aquarium_subvault_bridge, aquarium_subvault_balcony,
          aquarium_subvault_window, aquarium_subvault_wall],
          aquarium_bridge_square [aquarium_subvault_bridge,
          aquarium_subvault_bridge, aquarium_subvault_wall,
          aquarium_subvault_balcony], aquarium_window_1,
          aquarium_window_corridor_3, aquarium_window_2, aquarium_view_2a,
          aquarium_view_2d, aquarium_balcony_1b
Temple:   compressed_dpeg_triangle_lava_temple

Skill      XL: |  1  2  3  4  5  6  7  8  9 |
---------------+----------------------------+-----
Axes           | 3 4 5 6 7 9 10 | 10.3
Fighting       | 4 |  4.7
Dodging        | 4 |  4.6
Shields        | 4 5 |  5.0

Action                     |  1- 3 |  4- 6 |  7- 9 || total
---------------------------+-------+-------+-------++-------
  Melee: War axe           |    12 |       |    39 ||    51
         Constrict         |    15 |    22 |    44 ||    81
         Tentacles         |     8 |    23 |    42 ||    73
         Mace              |    43 |   112 |    93 ||   248
         Punch             |       |     3 |     3 ||     6
         Flail             |       |       |    56 ||    56
  Throw: Dart              |       |       |     1 ||     1
  Evoke: Wand              |       |       |     9 ||     9
    Use: Potion            |       |     1 |       ||     1
   Stab: Sleeping          |     5 |     4 |     2 ||    11
 Armour: Skin              |    30 |    58 |   131 ||   219
  Dodge: Dodged            |    32 |    62 |   180 ||   274
  Block: Buckler           |     8 |    19 |    65 ||    92
         Kite shield       |       |       |    43 ||    43

Table legend: (Time is in decaauts)
 A = Elapsed time spent in this place.
 B = Non-inter-level travel time spent in this place.
 C = Inter-level travel time spent in this place.
 D = Time resting spent in this place.
 E = Time spent auto-exploring this place.
 F = Levels seen in this place.
 G = Mean time per level.
                   A        B        C        D        E       F      G
               +--------+--------+--------+--------+--------+-----+--------+
         Total |   6208 |   5874 |    334 |    925 |   3923 |   8 |  776.0 |
       Dungeon |   6158 |   5841 |    317 |    925 |   3923 |   7 |  879.7 |
        Temple |     49 |     33 |     16 |      0 |      0 |   1 |   49.0 |
               +--------+--------+--------+--------+--------+-----+--------+

Top non-repeatable levels by time:
     D:6: 1481 daAuts
     D:4: 1403 daAuts
     D:2: 876 daAuts
     D:1: 789 daAuts
     D:5: 761 daAuts
     D:3: 711 daAuts
     D:7: 133 daAuts
  Temple: 49 daAuts
